Map: Acid Plant LE

Players

Graveyard - Winner!

  • Race: Zerg Zerg
  • League: Diamond
  • Spawn Location: 11:00

Calcofrie

  • Race: Zerg Zerg
  • League: Platinum
  • Spawn Location: 5:00

VOD

Have the link to the VOD?

Description

Time

  • Played on: March 31, 2018, 5:11 p.m.
  • Length: 8:56
Show
View Real Time Build Order
Export as new Build Order

Graveyard Zerg - Winner!

Build Orders: Hatch First 

Get SALT Encoding   

  12  0:00  Drone  
  13  0:12  Overlord  
  13  0:17  Drone  
  14  0:30  Drone x2  
  14  0:35  Drone  
  17  0:52  Hatchery  
  17  0:56  Drone  
  17  1:00  Drone  
  18  1:10  Extractor  
  17  1:15  Spawning Pool  
  17  1:18  Drone  
  17  1:22  Drone  
  18  1:29  Drone  
  19  1:39  Overlord  
  19  1:49  Drone  
  20  2:03  Zergling x2  
  20  2:05  Queen  
  20  2:06  Queen  
  20  2:07  Zergling x2  
  26  2:20  Drone x2  
  28  2:29  Drone x2  
  30  2:33  Metabolic Boost  
  30  2:34  Baneling Nest  
  29  2:38  Zergling x4  
  31  2:56  Drone  
  31  2:58  Drone  
  33  3:01  Drone  
  33  3:03  Zergling x2, Hatchery  
  34  3:17  Overlord x2, Zergling x4  
  36  3:29  Baneling x2  
  36  3:38  Baneling  
  36  3:41  Drone x3  
  39  3:52  Zergling x2  
  38  4:02  Zergling x6  
  40  4:03  Drone x2  
  40  4:05  Drone x4  
  45  4:10  Roach Warren  
  45  4:15  Queen  
  46  4:32  Drone x4  
  46  4:33  Drone x5  
  55  4:40  Drone x3  
  55  4:42  Overlord  
  55  4:44  Extractor  
  55  4:45  Drone  
  58  4:47  Extractor, Evolution Chamber  
  58  4:50  Overlord x2  
  56  5:00  Drone x2  
  56  5:01  Drone  
  59  5:14  Baneling x2  
  59  5:16  Zerg Missile Weapons Level 1  
  59  5:19  Drone x4  
  59  5:20  Drone x2, Evolution Chamber  
  58  5:35  Roach x6  
  64  5:41  Drone x4  
  68  5:54  Drone x2  
  68  5:55  Drone x3  
  73  6:03  Drone  
  74  6:04  Drone  
  74  6:07  Zerg Ground Armor Level 1  
  74  6:08  Roach  
  74  6:10  Roach  
  79  6:17  Extractor  
  79  6:18  Roach  
  79  6:31  Overlord x3  
  79  6:41  Lair  
  79  6:51  Roach x7, Hatchery  
  79  6:52  Roach x2  
  96  6:54  Zergling x2  
  96  6:56  Overlord x2, Hatchery  
  96  7:20  Roach x8  
  112  7:23  Overlord  
  112  7:24  Overlord x3  
  112  7:29  Spore Crawler  
  111  7:31  Spore Crawler  
  111  7:32  Spore Crawler  
  109  7:37  Baneling x6  
  109  7:38  Baneling  
  109  7:41  Roach, Zergling x2  
  109  7:42  Roach x2  
  116  7:49  Roach x2  
  116  7:50  Roach  
  122  7:52  Drone x2  
  124  8:03  Roach x5  
  124  8:29  Roach x3  
Show
View Real Time Build Order
Export as new Build Order

Calcofrie Zerg 

Build Orders: Hatch First 

Get SALT Encoding   

  12  0:02  Drone  
  13  0:14  Overlord  
  13  0:17  Drone  
  14  0:34  Drone x2  
  16  0:37  Drone  
  17  0:59  Drone, Hatchery  
  17  1:04  Drone  
  18  1:14  Extractor  
  17  1:18  Spawning Pool  
  17  1:22  Drone  
  17  1:23  Drone  
  18  1:34  Drone  
  19  1:52  Drone x2  
  21  2:05  Zergling x2  
  22  2:10  Queen  
  22  2:11  Queen  
  22  2:14  Overlord  
  26  2:26  Drone x2  
  28  2:30  Metabolic Boost  
  28  2:35  Zergling x4  
  28  2:36  Zergling x2  
  31  3:03  Hatchery  
  30  3:07  Roach Warren, Drone x3  
  30  3:08  Drone x3  
  35  3:25  Overlord  
  35  3:43  Queen  
  35  3:46  Zergling x4  
  35  3:47  Drone x2  
  35  3:48  Drone x2  
  43  3:52  Zergling x2  
  43  4:02  Zergling x6  
  43  4:13  Baneling Nest  
  42  4:42  Roach x3  
  42  4:43  Overlord x3  
  42  4:44  Overlord x2  
  48  4:57  Baneling x3  
  48  4:58  Baneling x4  
  48  5:08  Roach  
  44  5:39  Extractor  
  44  5:40  Lair  
  44  5:42  Drone x2  
  45  5:43  Drone x18  
  63  5:53  Evolution Chamber  
  63  5:54  Extractor  
  61  5:57  Roach  
  63  6:10  Queen  
  65  6:12  Drone x8  
  65  6:17  Overlord x2  
  73  6:24  Roach  
  75  6:37  Roach x5  
  75  6:38  Extractor, Roach x2  
  88  6:48  Drone  
  88  6:49  Drone x4  
  93  7:00  Glial Reconstitution  
  93  7:02  Evolution Chamber  
  93  7:05  Extractor  
  93  7:07  Extractor  
  90  7:14  Hydralisk Den  
  89  7:21  Zergling x2  
  89  7:22  Zergling x16  
  98  7:23  Overlord x2  
  98  7:24  Overlord x4  
  98  7:38  Overlord x6  
  98  8:11  Roach x14  
  96  8:31  Roach x3  
Tags
 
Add a new tag
Caveats
  • Supply blocks, unpowered buildings, or Contaminate may cause inaccurate times.
  • Supply counts are checked every 10 seconds.